 Dungeon Crawl Stone Soup version 0.25-a0-251-g572059c536 (webtiles) character file.

Game seed: 17029285676742040979, levelgen mode: deterministic

233 FrozenTrovador the Grave Robber (level 6, -1/43 HPs)
             Began as a Human Necromancer on Dec 4, 2019.
             Was an Initiate of Nemelex Xobeh.
             Slain by an ogre
             ... wielding a +0 giant club
              (9 damage)
             ... on level 5 of the Dungeon.
             The game lasted 00:49:32 (6690 turns).

FrozenTrovador the Grave Robber (Human Necromancer) Turns: 6690, Time: 00:49:33

Health: -1/43      AC:  7    Str: 15    XL:     6   Next: 26%
Magic:  4/10       EV: 11    Int: 16    God:    Nemelex Xobeh [......]
Gold:   160        SH:  0    Dex: 13    Spells: 2/10 levels left

rFire    . . .     SeeInvis .   K - +2 hand axe (chop)
rCold    + . .     Gourm    .   (no shield)
rNeg     . . .     Faith    +   b - +0 ring mail
rPois    .         Spirit   .   (no helmet)
rElec    .         Reflect  .   d - +0 cloak
rCorr    .         Harm     .   A - +0 pair of gloves
MR       .....                  (no boots)
Stlth    +.........             C - amulet of faith
HPRegen  0.14/turn              E - ring of protection from cold
MPRegen  0.12/turn              O - +3 ring of slaying

@: mighty, flying
A: no striking features
a: Draw Escape, Draw Destruction, Draw Summoning, Renounce Religion


You were on level 5 of the Dungeon.
You worshipped Nemelex Xobeh.
Nemelex Xobeh was noncommittal.
You were not hungry.

You visited 1 branch of the dungeon, and saw 5 of its levels.

You collected 160 gold pieces.

Inventory:

Hand Weapons
 f - a +0 dagger
 g - a +0 club
 l - a +0 short sword
 m - a +0 short sword
 o - a +0 hand axe
 p - a +0 spear
 r - a +0 hunting sling
 y - a +0 halberd
 D - a +0 hunting sling
 H - a +0 long sword
 K - a +2 hand axe of chopping (weapon)
 Q - a +0 rapier
Missiles
 t - 96 stones
 u - 39 bolts
 x - 58 arrows
 I - 8 poisoned darts (quivered)
Armour
 a - a +0 robe
 b - a +0 ring mail (worn)
 d - a +0 cloak (worn)
 k - a +0 robe
 z - a scarf of repulsion
 A - a +0 pair of gloves (worn)
 B - a +0 ring mail
 F - a scarf of cloud immunity
Jewellery
 C - an amulet of faith (around neck)
 E - a ring of protection from cold (left hand)
 O - a +3 ring of slaying (right hand)
Wands
 J - a wand of flame (30)
Scrolls
 e - 2 scrolls of remove curse
 j - 3 scrolls of fog
 n - a scroll of fear
 q - a scroll of enchant armour {unknown}
 v - a scroll of teleportation
 w - 2 scrolls of identify
 M - a scroll of enchant weapon
 R - a scroll of magic mapping {unknown}
 S - a scroll of amnesia
Potions
 h - a potion of degeneration {unknown}
 i - a potion of curing
 s - 2 potions of flight
 G - a potion of berserk rage {unknown}
 L - a potion of lignification {unknown}
 N - a potion of might
 P - a potion of heal wounds {unknown}
 T - a potion of cancellation {unknown}
Comestibles
 c - 6 rations


   Skills:
 + Level 1.4 Fighting
 + Level 1.6 Short Blades
 + Level 1.4 Axes
 + Level 0.2 Throwing
 + Level 2.4 Armour
 + Level 2.6 Dodging
 + Level 2.2 Stealth
 + Level 2.8 Spellcasting
 + Level 4.6 Necromancy


You had 2 spell levels left.
You knew the following spells:

 Your Spells              Type           Power        Failure   Level  Hunger
a - Pain                  Necr           ###.         5%          1    #......
b - Animate Skeleton      Necr           N/A          5%          1    #......
c - Vampiric Draining     Necr           ###.......   16%         3    ###....
d - Regeneration          Chrm/Necr      #.........   38%         3    ###....

Your spell library contained the following spells:

 Spells                   Type           Power        Failure   Level  Hunger
 Animate Dead             Necr           N/A          47%         4    #####..


Dungeon Overview and Level Annotations

Branches:
Dungeon (5/15)
 Temple: D:4-7

Altars:
Elyvilon
Nemelex Xobeh
Xom
The Shining One


Message History

Casting: Pain (safe; 5% risk of failure)
Confirm with . or Enter, or press ? or * to list all spells.
Aiming: Pain (safe; 5% risk of failure)
Press: ? - help, Shift-Dir - straight line, f/p - ogre
Aim: an ogre, wielding a +0 giant club (heavily wounded, chance to defeat MR: 76%)
The ogre writhes in agony.
The ogre closely misses you.
Casting: Pain (safe; 5% risk of failure)
Confirm with . or Enter, or press ? or * to list all spells.
Aiming: Pain (safe; 5% risk of failure)
Press: ? - help, Shift-Dir - straight line, f/p - ogre
Aim: an ogre, wielding a +0 giant club (heavily wounded, chance to defeat MR: 76%)
The ogre writhes in agony.
Casting: Pain (safe; 5% risk of failure)
Confirm with . or Enter, or press ? or * to list all spells.
Aiming: Pain (safe; 5% risk of failure)
Press: ? - help, Shift-Dir - straight line, f/p - ogre
Aim: an ogre, wielding a +0 giant club (severely wounded, chance to defeat MR: 76%)
The ogre barely resists.
The ogre hits you with a +0 giant club!
You die...
Your body disappears without a glow.

##########
#.........
#.........
#.........
#.........
#.........
#@........
#.O.......
#######+#+


You could see an ogre.

Vanquished Creatures
  A centaur skeleton (D:4)
  11 adders
  2 river rats (D:3)
  A worm (D:3)
  A dart slug (D:2)
  5 leopard geckos
  5 giant cockroaches
  6 goblins
  10 hobgoblins
  3 jackals (D:1)
  11 kobolds
  11 bats
  5 frilled lizards
  15 rats
87 creatures vanquished.

Notes
Turn   | Place    | Note
-------+----------+-------------------------------------------
     0 | D:1      | FrozenTrovador the Human Necromancer began the quest for
                  | the Orb.
     0 | D:1      | Reached XP level 1. HP: 13/13 MP: 3/3
   620 | D:1      | Reached XP level 2. HP: 14/19 MP: 0/5
   845 | D:1      | Reached XP level 3. HP: 20/24 MP: 0/6
  1683 | D:1      | Reached skill level 1 in Armour
  2195 | D:2      | Reached XP level 4. HP: 29/30 MP: 5/7
  2946 | D:2      | Found a faded altar of an unknown god.
  2971 | D:2      | Became a worshipper of Elyvilon the Healer
  2971 | D:2      | Reached * piety under Elyvilon
  3546 | D:3      | Reached XP level 5. HP: 36/36 MP: 9/9
  3646 | D:3      | Reached skill level 1 in Short Blades
  3899 | D:3      | Reached ** piety under Elyvilon
  3989 | D:3      | Reached skill level 1 in Fighting
  4543 | D:3      | Found a shimmering altar of Xom.
  4544 | D:3      | Reached *** piety under Elyvilon
  5889 | D:4      | Reached skill level 1 in Axes
  5889 | D:4      | Reached XP level 6. HP: 29/43 MP: 10/10
  6068 | D:4      | Found a glowing golden altar of the Shining One.
  6079 | D:4      | Fell from the grace of Elyvilon
  6079 | D:4      | Became a worshipper of the Shining One
  6079 | D:4      | Reached * piety under the Shining One
  6122 | D:4      | Found a sparkling altar of Nemelex Xobeh.
  6296 | D:4      | Fell from the grace of the Shining One
  6296 | D:4      | Became a worshipper of Nemelex Xobeh the Trickster
  6554 | D:4      | Received a gift from Nemelex Xobeh
  6664 | D:4      | Learned a level 1 spell: Animate Skeleton
  6668 | D:4      | Learned a level 3 spell: Vampiric Draining
  6676 | D:4      | Learned a level 3 spell: Regeneration
  6682 | D:5      | Entered Level 5 of the Dungeon
  6682 | D:5      | Noticed an ogre
  6690 | D:5      | Slain by an ogre

Levels and vault maps discovered:
D:1:      giann_bridges, layout_basic, minmay_misc_feat_nine_boxes
D:2:      layout_loops_ring, first_ration, chequers_ecumenical_altar_lobes
D:3:      layout_basic, lemuel_round_altar, gup_sewer_entry_bubbles, st_stairs_7
D:4:      layout_basic, kennysheep_mini_moat, nicolae_overflow_crystal_walls,
          lemuel_round_altar, chequers_serial_rivers_micro_d
D:5:      layout_basic, overflow_temple_1_default, serial_shops, shop_statue,
          kennysheep_generic_room_4

Skill      XL: |  1  2  3  4  5 |
---------------+----------------+-----
Armour         | 1 2 |  2.4
Short Blades   | 1 |  1.6
Fighting       | 1 |  1.4
Axes           | 1 |  1.4
Throwing       | |  0.2
Dodging        | |  2.6
Stealth        | |  2.2
Spellcasting   | |  2.8
Necromancy     | |  4.6

Action                   |  1- 3 |  4- 6 || total
-------------------------+-------+-------++-------
Melee: Unarmed           |    17 |       ||    17
       Club              |     9 |       ||     9
       Dagger            |     9 |       ||     9
       Short sword       |    41 |   137 ||   178
       Hand axe          |       |   110 ||   110
 Fire: Hunting sling     |       |     6 ||     6
Throw: Stone             |       |     8 ||     8
       Dart              |       |     2 ||     2
 Cast: Pain              |    38 |    26 ||    64
 Abil: Draw Summoning    |       |     1 ||     1
  Use: Scroll            |       |     6 ||     6
       Potion            |       |     3 ||     3
  Eat: Chunk             |     4 |     8 ||    12
       Ration            |       |     2 ||     2
Armor: Ring mail         |    68 |   112 ||   180
Dodge: Dodged            |    74 |   152 ||   226

Table legend:
 A = Non-vault XP
 B = Vault XP
 C = Vault XP percentage of total XP
 D = Non-vault monster count
 E = Vault monster count
 F = Vault count percentage of total count
                 A         B        C        D         E       F
            +---------+---------+-------+---------+---------+-------
      Total |     270 |      64 |  19.2 |      77 |      10 |  11.5
            +---------+---------+-------+---------+---------+-------
        D:1 |      46 |       0 |   0.0 |      29 |       0 |   0.0
        D:2 |      79 |       0 |   0.0 |      26 |       0 |   0.0
        D:3 |      79 |      64 |  44.8 |      19 |      10 |  34.5
        D:4 |      66 |       0 |   0.0 |       3 |       0 |   0.0
            +---------+---------+-------+---------+---------+-------
